 Dungeon Crawl Stone Soup version 0.30-a0-618-gd6c86c23d0 (webtiles) character file.

Game seed: 13392890083584062406

288 testman the Trooper (level 6, -3/66 HPs)
             Began as an Ogre Gladiator on Jan 9, 2023.
             Was a Believer of Fedhas.
             Slain by a gnoll
             ... wielding a +0 flail
              (5 damage)
             ... on level 4 of the Dungeon.
             The game lasted 00:05:31 (2958 turns).

testman the Trooper (Ogre Gladiator)                Turns: 2958, Time: 00:05:31

Health: -3/66      AC:  3    Str: 27    XL:     6   Next: 31%
Magic:  4/7        EV: 10    Int:  9    God:    Fedhas [**....]
Gold:   294        SH:  0    Dex: 10    Spells: 5/5 levels left

rFire   . . .      SeeInvis .    p - +2 morningstar (venom)
rCold   . . .      Faith    .    (no shield)
rNeg    . . .      Spirit   .    b - +0 robe
rPois   .          Reflect  .    c - +0 hat
rElec   .          Harm     .    (no cloak)
rCorr   .          Rampage  .    (gloves unavailable)
Will    +....                    (boots unavailable)
Stlth   +                        (no amulet)
HPRegen 0.31/turn                q - +6 ring of strength
MPRegen 0.10/turn                r - ring of willpower

@: mighty
A: large, unfitting armour, tough skin 1
a: Renounce Religion, Wall of Briars


You were on level 4 of the Dungeon.
You worshipped Fedhas.
Fedhas was pleased with you.
You visited 1 branch of the dungeon, and saw 4 of its levels.

You collected 294 gold pieces.

Inventory:

Hand Weapons
 a - a +0 flail
 n - a +2 whip of holy wrath
 p - a +2 morningstar of venom (weapon)
Missiles
 d - 3 throwing nets (quivered)
 e - a large rock
 l - 3 javelins
 w - 7 poisoned darts
Armour
 b - a +0 robe (worn)
 c - a +0 hat (worn)
Jewellery
 q - a +6 ring of strength (left hand)
 r - a ring of willpower (right hand)
Scrolls
 f - a scroll of silence {unknown}
 h - 5 scrolls of identify {unknown}
 i - 3 scrolls of amnesia {unknown}
 t - 2 scrolls of enchant weapon {unknown}
 v - a scroll of teleportation {unknown}
Potions
 g - 2 potions of might
 j - a potion of resistance {unknown}
 k - a potion of lignification {unknown}
 m - a potion of attraction {unknown}
 o - a potion of degeneration {unknown}
 s - a potion of invisibility {unknown}
 u - a potion of mutation {unknown}


   Skills:
 + Level 5.0 Fighting
 + Level 3.9 Maces & Flails
 + Level 3.6 Throwing
 - Level 2.6 Dodging
 + Level 2.6 Invocations


You had 5 spell levels left.
You didn't know any spells.
Your spell library contained the following spells:

 Spells                   Type           Power      Damage    Failure   Level
 Freeze                   Ice            0%         1d3       38%         1
 Sting                    Tmut/Pois      0%         1d3       38%         1
 Blink                    Tloc           0%         N/A       52%         2
 Poisonous Vapours        Pois/Air       0%         N/A       52%         2
 Frozen Ramparts          Ice            0%         1d1       77%         3
 Hailstorm                Conj/Ice       0%         3d3       77%         3
 Manifold Assault         Tloc           0%         N/A       99%         4
 Olgreb's Toxic Radiance  Pois           0%         N/A       99%         4
 Storm Form               Tmut/Air       0%         N/A       100%        7


Dungeon Overview and Level Annotations

Branches:
Dungeon (4/15)
 Temple: D:4-7

Altars:
Ashenzari
Fedhas
Uskayaw
Xom


Innate Abilities, Weirdness & Mutations

You are too large for most types of armour.
You have tough skin. (AC +1)


Message History

The gnoll is severely wounded.
The gnoll closely misses you. The gnoll hits you with a +0 whip.
You barely miss the gnoll.
The gnoll is severely wounded.
An orc comes into view. It is wielding a +0 flail.
The gnoll closely misses you. The gnoll hits you with a +0 whip!
You barely miss the gnoll.
The gnoll is severely wounded.
The gnoll hits you with a +0 flail. The gnoll hits you but does no damage.
The gnoll hits you with a +0 flail. The gnoll hits you with a +0 whip!
You are too injured to fight recklessly!
You are too injured to fight recklessly!
You closely miss the gnoll.
The gnoll is severely wounded.
The gnoll hits you with a +0 flail.
A gnoll comes into view. It is wielding a +0 flail.
The gnoll hits you with a +0 whip.
You closely miss the gnoll. The gnoll closely misses you.
The gnoll barely misses you.
You closely miss the gnoll.
You kill the gnoll!
Fedhas appreciates your contribution to the ecosystem.
Your Fighting skill increases to level 5!
You closely miss the orc.
An orc comes into view. It is wielding a +0 dagger.
The orc hits you with a +0 flail. The gnoll barely misses you. x2
The orc closely misses you.
You barely miss the gnoll. The gnoll hits you with a +0 flail!
* * * LOW HITPOINT WARNING * * *
The gnoll hits you with a +0 flail!
* * * LOW HITPOINT WARNING * * *
It was a potion of might.
You feel very mighty all of a sudden. The gnoll closely misses you. x2
A briar patch grows up from the ground.
The gnoll barely misses you. The orc hits you with a +0 dagger.
* * * LOW HITPOINT WARNING * * *
The gnoll hits you with a +0 flail.
You die...
Fedhas appreciates your contribution to the ecosystem.

## ####.. ......#
.....oo## ######
#g@#######......#
##gP.##.........#
##.............#
###...........#
#...........#
#...........##
##...........#
##.........>#
##.........#


You could see 2 gnolls and 2 orcs.

Vanquished Creatures
  A phantom (D:4)
  A scorpion (D:4)
  6 gnolls
  An adder (D:2)
  3 worms
  5 dart slugs
  5 orcs
  4 bats
  2 endoplasms
  5 giant cockroaches
  3 goblins
  5 hobgoblins
  4 jackals
  4 quokkas
  6 ball pythons
  A frilled lizard (D:1)
  10 kobolds
  4 rats
70 creatures vanquished.

Notes
Turn   | Place    | Note
-------+----------+-------------------------------------------
     0 | D:1      | testman the Ogre Gladiator began the quest for the Orb.
     0 | D:1      | Reached XP level 1. HP: 22/22 MP: 1/1
   160 | D:1      | Reached skill level 3 in Fighting
   235 | D:1      | Reached XP level 2. HP: 28/31 MP: 2/2
   955 | D:2      | Reached XP level 3. HP: 34/37 MP: 3/3
  1016 | D:2      | Found a faded altar of an unknown god.
  1028 | D:2      | Prayed at the altar of an unknown god.
  1028 | D:2      | Became a worshipper of Fedhas Madash
  1028 | D:2      | Reached * piety under Fedhas
  1215 | D:2      | You fall into a shaft and drop 2 floors!
  1341 | D:3      | Found a hide-covered altar of Uskayaw.
  1469 | D:2      | Reached XP level 4. HP: 44/48 MP: 4/4
  1550 | D:2      | Reached skill level 1 in Invocations
  1632 | D:2      | Reached skill level 4 in Fighting
  1751 | D:2      | Reached XP level 5. HP: 19/54 MP: 4/6
  2446 | D:3      | Reached ** piety under Fedhas
  2483 | D:3      | Found a broken altar of Ashenzari.
  2556 | D:3      | Found a shimmering altar of Xom.
  2557 | D:3      | Found a shimmering altar of Xom.
  2557 | D:3      | Found a shimmering altar of Xom.
  2557 | D:3      | Found a shimmering altar of Xom.
  2558 | D:3      | Found a shimmering altar of Xom.
  2753 | D:4      | Noticed a phantom
  2772 | D:4      | Killed a phantom
  2773 | D:4      | Reached XP level 6. HP: 30/65 MP: 7/7
  2955 | D:4      | Reached skill level 5 in Fighting
  2958 | D:4      | HP: 2/66 [orc/+0 dagger (3)]
  2958 | D:4      | Slain by a gnoll

Illustrated notes

Levels and vault maps discovered:
D:1:      minmay_arrival_hallway, layout_basic, minmay_tiny_reverse_x
D:2:      layout_basic, ebering_ecumenical_altar_sacrificial
D:3:      layout_basic, cheibrodos_ashenzari_chains, overflow_temple_1_default,
          xom_redecorated, nicolae_figureground_pulse
D:4:      layout_cave_pods, temple_hall

Skill      XL: |  1  2  3  4  5  6 |
---------------+-------------------+-----
Fighting       | 3 4 5 |  5.0
Maces & Flails | 3 |  3.9
Invocations    | 1 2 |  2.6
Throwing       | 3 |  3.6
Dodging        | |  2.6

Action                   |  1- 3 |  4- 6 || total
-------------------------+-------+-------++-------
Melee: Flail             |    91 |       ||    91
       Punch             |     1 |     1 ||     2
       Morningstar       |    22 |    76 ||    98
Invok: Wall of Briars    |       |     1 ||     1
  Use: Potion            |       |     1 ||     1
Armor: Robe              |    50 |    16 ||    66
Dodge: Dodged            |    77 |    36 ||   113

Table legend: (Time is in decaauts)
 A = Elapsed time spent in this place.
 B = Non-inter-level travel time spent in this place.
 C = Inter-level travel time spent in this place.
 D = Time resting spent in this place.
 E = Time spent auto-exploring this place.
 F = Levels seen in this place.
 G = Mean time per level.
                   A        B        C        D        E       F      G
               +--------+--------+--------+--------+--------+-----+--------+
         Total |   3011 |   2927 |     84 |    148 |   2305 |   4 |  752.8 |
       Dungeon |   3011 |   2927 |     84 |    148 |   2305 |   4 |  752.8 |
               +--------+--------+--------+--------+--------+-----+--------+

Top non-repeatable levels by time:
     D:2: 1047 daAuts
     D:1: 909 daAuts
     D:3: 755 daAuts
     D:4: 298 daAuts
